SAAA
AUGUSTA TIMBER HAWKS @ GRYFINDOR BRAVES
09/02/2025
 
TOP OF THE 1ST
Augusta Timber Hawks batting - Pitching for Gryfindor Braves : RHP Kenny Koehler
Pitching: RHP Kenny Koehler
Batting: SHB Javier Valle 0-0: Ball
1-0: Called Strike
1-1: Swinging Strike
1-2: SINGLE (Groundball, 4MD)
Batting: RHB Jim Burch 0-0: Ball
1-0: Called Strike
1-1: Called Strike
1-2: Ball
2-2: Foul Ball, location: 2F
2-2: Strikes out swinging
Batting: RHB Luis Tapia 0-0: Ball
Wild Pitch!
Javier Valle to second
1-0: Ball
2-0: Ground out 6-3 (Groundball, 6)
Batting: RHB Bob Sargent 0-0: Fly out, F7 (Flyball, 78D)
Top of the 1st over - 0 run(s), 1 hit(s), 0 error(s), 1 left on base; Augusta 0 - Gryfindor 0
BOTTOM OF THE 1ST
Gryfindor Braves batting - Pitching for Augusta Timber Hawks : LHP Santiago Romo
Pitching: LHP Santiago Romo
Batting: LHB José Corona 0-0: Called Strike
0-1: Ball
1-1: Foul Ball, location: 2F
1-2: Foul Ball, location: 2F
1-2: Ball
2-2: Ball
3-2: Base on Balls
Batting: RHB Jesús Cisneros 0-0: Ball
1-0: Ball
Throwing error on steal attempt, E2
José Corona to third
2-0: Called Strike
2-1: Called Strike
2-2: Ball
3-2: Ground out 6-3 (Groundball, 6)
José Corona scores
Batting: RHB Cole Shaffer 0-0: Ball
1-0: Fly out, F4 (Line Drive, 4)
Batting: SHB Fernando Sánchez 0-0: Ground out 5-3 (Groundball, 56S)
Bottom of the 1st over - 1 run(s), 0 hit(s), 1 error(s), 0 left on base; Augusta 0 - Gryfindor 1
TOP OF THE 2ND
Augusta Timber Hawks batting - Pitching for Gryfindor Braves : RHP Kenny Koehler
Batting: RHB David Gómez 0-0: Ball
1-0: SINGLE (Flyball, 8LS) - OUT at second base trying to stretch hit.
Batting: RHB Rubén Marino 0-0: Foul Ball, location: 2F
0-1: Ball
1-1: Called Strike
1-2: Ball
2-2: Ball
3-2: Base on Balls
Batting: RHB Claudio Mendoza 0-0: Hit by Pitch
Rubén Marino to second
Batting: LHB Willie Brown 0-0: Called Strike
0-1: Ball
1-1: Foul Ball, location: 2F
1-2: DOUBLE (Line Drive, 78XD)
Rubén Marino scores
Claudio Mendoza to third
Batting: RHB Abraham Jacobs 0-0: Called Strike
0-1: Ball
1-1: Ball
Wild Pitch!
Claudio Mendoza scores
Willie Brown to third
2-1: Ball
3-1: Foul Ball, location: 2F
3-2: Foul Ball, location: 2F
3-2: Foul Ball, location: 2F
3-2: Strikes out swinging
Batting: SHB Javier Valle 0-0: Ball
1-0: Called Strike
1-1: Called Strike
1-2: Ball
2-2: Ball
3-2: Base on Balls
Batting: RHB Jim Burch 0-0: Swinging Strike
0-1: Swinging Strike
0-2: Ball
1-2: Foul Ball, location: 2F
1-2: Fly out, F8 (Line Drive, 8LXD)
Top of the 2nd over - 2 run(s), 2 hit(s), 0 error(s), 2 left on base; Augusta 2 - Gryfindor 1
BOTTOM OF THE 2ND
Gryfindor Braves batting - Pitching for Augusta Timber Hawks : LHP Santiago Romo
Batting: LHB Ken Watanabe 0-0: Called Strike
0-1: Ball
1-1: Ball
2-1: Swinging Strike
2-2: Strikes out swinging
Batting: RHB Turner Coleman 0-0: Foul Ball, location: 2F
0-1: Ball
1-1: Swinging Strike
1-2: Ball
2-2: Fly out, F7 (Flyball, 7S)
Batting: SHB Emílio Gonzáles 0-0: Ball
1-0: DOUBLE (Flyball, 78XD)
Batting: SHB Arturo Romero 0-0: Called Strike
0-1: Ball
1-1: Ball
2-1: Called Strike
2-2: Foul Ball, location: 2F
2-2: Foul Ball, location: 2F
2-2: Ball
3-2: Ground out 1-3 (Groundball, 13S)
Bottom of the 2nd over - 0 run(s), 1 hit(s), 0 error(s), 1 left on base; Augusta 2 - Gryfindor 1
TOP OF THE 3RD
Augusta Timber Hawks batting - Pitching for Gryfindor Braves : RHP Kenny Koehler
Batting: RHB Luis Tapia 0-0: Called Strike
0-1: Fly out, F6 (Popup, 56D)
Batting: RHB Bob Sargent 0-0: Ball
1-0: Foul Ball, location: 2F
1-1: Foul Ball, location: 2F
1-2: Foul Ball, location: 2F
1-2: SINGLE (Line Drive, 6D)
Batting: RHB David Gómez 0-0: SINGLE (Groundball, 34D)
Bob Sargent to second
Batting: RHB Rubén Marino 0-0: Ball
1-0: Grounds into double play, 6-4-3 (Groundball, 6)
Top of the 3rd over - 0 run(s), 2 hit(s), 0 error(s), 1 left on base; Augusta 2 - Gryfindor 1
BOTTOM OF THE 3RD
Gryfindor Braves batting - Pitching for Augusta Timber Hawks : LHP Santiago Romo
Batting: RHB Ernesto Souza 0-0: Called Strike
0-1: Ball
1-1: Foul Ball, location: 2F
1-2: Foul Ball, location: 2F
1-2: Foul Ball, location: 2F
1-2: Ball
2-2: Foul Ball, location: 2F
2-2: Ball
3-2: Ground out 5-3 (Groundball, 5)
Batting: LHB José Corona 0-0: Ball
1-0: Called Strike
1-1: Called Strike
1-2: Ball
2-2: Foul Ball, location: 2F
2-2: Foul Ball, location: 2F
2-2: Foul Ball, location: 2F
2-2: SINGLE (Flyball, 9S)
Batting: RHB Jesús Cisneros 0-0: Ground out 5-3 (Groundball, 56S)
José Corona to second
Batting: RHB Cole Shaffer 0-0: Ball
1-0: Ball
2-0: Called Strike
2-1: Called Strike
2-2: Fly out, F8 (Flyball, 8RM)
Bottom of the 3rd over - 0 run(s), 1 hit(s), 0 error(s), 1 left on base; Augusta 2 - Gryfindor 1
TOP OF THE 4TH
Augusta Timber Hawks batting - Pitching for Gryfindor Braves : RHP Kenny Koehler
Batting: RHB Claudio Mendoza 0-0: Called Strike
0-1: Foul Ball, location: 2F
0-2: Ball
1-2: Ball
2-2: Ball
3-2: Ground out 5-3 (Groundball, 56S)
Batting: LHB Willie Brown 0-0: SINGLE (Line Drive, 89S)
Batting: RHB Abraham Jacobs 0-0: Called Strike
0-1: Fly out, F7 (Flyball, 7D)
Batting: SHB Javier Valle 0-0: Ball
1-0: Ball
2-0: Ball
3-0: Base on Balls
Willie Brown to second
Batting: RHB Jim Burch 0-0: Foul Ball, location: 2F
0-1: Swinging Strike
0-2: Strikes out looking
Top of the 4th over - 0 run(s), 1 hit(s), 0 error(s), 2 left on base; Augusta 2 - Gryfindor 1
BOTTOM OF THE 4TH
Gryfindor Braves batting - Pitching for Augusta Timber Hawks : LHP Santiago Romo
Batting: SHB Fernando Sánchez 0-0: Ball
1-0: Called Strike
1-1: Ground out 6-3 (Groundball, 6)
Batting: LHB Ken Watanabe 0-0: Called Strike
0-1: Ground out 6-3 (Groundball, 6)
Batting: RHB Turner Coleman 0-0: Called Strike
0-1: Ball
1-1: Foul Ball, location: 2F
1-2: Fly out, F9 (Flyball, 9LS)
Bottom of the 4th over - 0 run(s), 0 hit(s), 0 error(s), 0 left on base; Augusta 2 - Gryfindor 1
TOP OF THE 5TH
Augusta Timber Hawks batting - Pitching for Gryfindor Braves : RHP Kenny Koehler
Batting: RHB Luis Tapia 0-0: Ball
1-0: Ground out 6-3 (Groundball, 56D)
Batting: RHB Bob Sargent 0-0: Swinging Strike
0-1: Ball
1-1: Called Strike
1-2: Ball
2-2: Strikes out swinging
Batting: RHB David Gómez 0-0: Ball
1-0: Foul Ball, location: 2F
1-1: Ground out 6-3 (Groundball, 6)
Top of the 5th over - 0 run(s), 0 hit(s), 0 error(s), 0 left on base; Augusta 2 - Gryfindor 1
BOTTOM OF THE 5TH
Gryfindor Braves batting - Pitching for Augusta Timber Hawks : LHP Santiago Romo
Batting: SHB Emílio Gonzáles 0-0: SINGLE (Flyball, 9LM)
Batting: SHB Arturo Romero 0-0: Ball
1-0: Ball
2-0: Bunt missed!
2-1: Ball
3-1: Bunted foul
3-2: Ground out 4-3 (Groundball, 4)
Emílio Gonzáles to second
Batting: RHB Ernesto Souza 0-0: Ball
1-0: Ball
2-0: Foul Ball, location: 2F
2-1: Swinging Strike
2-2: Foul Ball, location: 2F
2-2: Ground out 5-3 (Groundball, 5)
Batting: LHB José Corona 0-0: Called Strike
0-1: Swinging Strike
0-2: Foul Ball, location: 2F
0-2: Ball
1-2: Fly out, F7 (Line Drive, 7LD)
Bottom of the 5th over - 0 run(s), 1 hit(s), 0 error(s), 1 left on base; Augusta 2 - Gryfindor 1
TOP OF THE 6TH
Augusta Timber Hawks batting - Pitching for Gryfindor Braves : RHP Kenny Koehler
Pitching: LHP Dorian Daly
Batting: RHB Rubén Marino 0-0: Foul Ball, location: 2F
0-1: Ball
1-1: Swinging Strike
1-2: Strikes out looking
Batting: RHB Claudio Mendoza 0-0: Called Strike
0-1: Foul Ball, location: 2F
0-2: SINGLE (Line Drive, 4MD)
Batting: LHB Willie Brown 0-0: Ball
1-0: Called Strike
1-1: Called Strike
1-2: Ball
2-2: DOUBLE (Line Drive, 9LM)
Claudio Mendoza to third
Batting: RHB Abraham Jacobs 0-0: Intentional Walk
Batting: SHB Javier Valle 0-0: Ball
1-0: Ball
2-0: Foul Ball, location: 2F
2-1: Ball
3-1: Base on Balls
Claudio Mendoza scores
Willie Brown to third
Abraham Jacobs to second
Batting: RHB Jim Burch 0-0: Called Strike
0-1: Foul Ball, location: 2F
0-2: Ball
1-2: Ball
2-2: Ball
3-2: Foul Ball, location: 2F
3-2: Base on Balls
Willie Brown scores
Abraham Jacobs to third
Javier Valle to second
Batting: RHB Luis Tapia 0-0: Grounds into double play, 5-4-3 (Groundball, 5)
Top of the 6th over - 2 run(s), 2 hit(s), 0 error(s), 2 left on base; Augusta 4 - Gryfindor 1
BOTTOM OF THE 6TH
Gryfindor Braves batting - Pitching for Augusta Timber Hawks : LHP Santiago Romo
Batting: RHB Jesús Cisneros 0-0: Called Strike
0-1: Ball
1-1: Ball
2-1: Ball
3-1: Ground out 3-1 (Groundball, 34S)
Batting: RHB Cole Shaffer 0-0: Ball
1-0: Called Strike
1-1: Ground out 6-3 (Groundball, 6)
Batting: SHB Fernando Sánchez 0-0: Foul Ball, location: 2F
0-1: Called Strike
0-2: Ground out 6-3 (Groundball, 6)
Bottom of the 6th over - 0 run(s), 0 hit(s), 0 error(s), 0 left on base; Augusta 4 - Gryfindor 1
TOP OF THE 7TH
Augusta Timber Hawks batting - Pitching for Gryfindor Braves : LHP Dorian Daly
Batting: RHB Bob Sargent 0-0: Called Strike
0-1: Foul Ball, location: 2F
0-2: Foul Ball, location: 2F
0-2: Reached via error on a dropped throw, E3
Batting: RHB David Gómez 0-0: Ball
1-0: Called Strike
1-1: Called Strike
1-2: Strikes out swinging
Pitching: RHP Sid Brown
Batting: RHB Rubén Marino 0-0: Ball
1-0: Called Strike
1-1: Foul Ball, location: 2F
1-2: Strikes out swinging
Batting: RHB Claudio Mendoza 0-0: Foul Ball, location: 2F
0-1: Ball
1-1: Fielders Choice at 2nd, 5-4 (Groundball, 56)
Top of the 7th over - 0 run(s), 0 hit(s), 1 error(s), 0 left on base; Augusta 4 - Gryfindor 1
BOTTOM OF THE 7TH
Gryfindor Braves batting - Pitching for Augusta Timber Hawks : LHP Santiago Romo
Batting: LHB Ken Watanabe 0-0: Foul Ball, location: 2F
0-1: Called Strike
0-2: Ball
1-2: Fly out, F9 (Flyball, 9)
Pitching: RHP Francisco García
Batting: RHB Turner Coleman 0-0: Called Strike
0-1: Foul Ball, location: 2F
0-2: Ball
1-2: Foul Ball, location: 2F
1-2: Foul Ball, location: 2F
1-2: Foul Ball, location: 2F
1-2: Strikes out swinging
Batting: SHB Emílio Gonzáles 0-0: Fly out, F8 (Flyball, 8RD)
Bottom of the 7th over - 0 run(s), 0 hit(s), 0 error(s), 0 left on base; Augusta 4 - Gryfindor 1
TOP OF THE 8TH
Augusta Timber Hawks batting - Pitching for Gryfindor Braves : RHP Sid Brown
Batting: LHB Willie Brown 0-0: Ball
1-0: Ball
2-0: Ball
3-0: Base on Balls
Batting: RHB Abraham Jacobs 0-0: Sac Bunt - play at first, batter OUT! 1-3
Willie Brown to second
Batting: SHB Javier Valle 0-0: Ball
1-0: Foul Ball, location: 2F
1-1: DOUBLE (Line Drive, 89D)
Willie Brown scores
Batting: RHB Jim Burch 0-0: Ball
1-0: Swinging Strike
1-1: Swinging Strike
1-2: Ball
2-2: Ball
3-2: Strikes out swinging
Batting: RHB Luis Tapia 0-0: Swinging Strike
0-1: Foul Ball, location: 2F
0-2: SINGLE (Line Drive, 56D)
Javier Valle to third
Runner from 3rd tries for Home, SAFE, no throw
Batting: RHB Bob Sargent 0-0: Ball
1-0: Ball
2-0: Called Strike
2-1: Swinging Strike
2-2: Ball
3-2: Base on Balls
Luis Tapia to second
Batting: RHB David Gómez 0-0: Ball
1-0: Fly out, F6 (Line Drive, 6D)
Top of the 8th over - 2 run(s), 2 hit(s), 0 error(s), 2 left on base; Augusta 6 - Gryfindor 1
BOTTOM OF THE 8TH
Gryfindor Braves batting - Pitching for Augusta Timber Hawks : RHP Francisco García
Batting: SHB Arturo Romero 0-0: Swinging Strike
0-1: Called Strike
0-2: Strikes out swinging
Batting: RHB Ernesto Souza 0-0: Ball
1-0: Ball
2-0: Called Strike
2-1: Called Strike
2-2: Foul Ball, location: 2F
2-2: Ball
3-2: Fly out, F7 (Line Drive, 7)
Batting: LHB José Corona 0-0: Ball
1-0: Ball
2-0: Foul Ball, location: 2F
2-1: SINGLE (Line Drive, 56D)
Batting: RHB Jesús Cisneros 0-0: Ball
1-0: Fly out, F8 (Flyball, 8RM)
Bottom of the 8th over - 0 run(s), 1 hit(s), 0 error(s), 1 left on base; Augusta 6 - Gryfindor 1
TOP OF THE 9TH
Augusta Timber Hawks batting - Pitching for Gryfindor Braves : RHP Sid Brown
Pitching: RHP Juan Cantú
Batting: RHB Rubén Marino 0-0: Ball
1-0: Foul Ball, location: 2F
1-1: Ball
2-1: Foul Ball, location: 2F
2-2: Ball
3-2: Base on Balls
Pitching: RHP Jim Unknown
Batting: RHB Claudio Mendoza 0-0: Ball
1-0: Foul Ball, location: 2F
1-1: Foul Ball, location: 2F
1-2: Ball
2-2: Strikes out swinging
Batting: LHB Willie Brown 0-0: Called Strike
0-1: Foul Ball, location: 2F
0-2: Ball
1-2: Foul Ball, location: 2F
1-2: Ball
2-2: Strikes out looking
Batting: RHB Abraham Jacobs 0-0: Ball
Rubén Marino steals 2nd base
1-0: Swinging Strike
1-1: Swinging Strike
1-2: Strikes out swinging
Top of the 9th over - 0 run(s), 0 hit(s), 0 error(s), 1 left on base; Augusta 6 - Gryfindor 1
BOTTOM OF THE 9TH
Gryfindor Braves batting - Pitching for Augusta Timber Hawks : RHP Francisco García
Now in RF: Juan Barbán
Batting: RHB Cole Shaffer 0-0: Called Strike
0-1: Foul Ball, location: 2F
0-2: Ball
1-2: Ball
2-2: Ball
3-2: Strikes out swinging
Batting: SHB Fernando Sánchez 0-0: Called Strike
0-1: Called Strike
0-2: Ball
1-2: SOLO HOME RUN (Flyball, 89XD), Distance : 433 ft
Batting: LHB Ken Watanabe 0-0: Called Strike
0-1: Hit by Pitch, AND HE CHARGES THE MOUND! The benches clear!
Pitching: RHP Tom Sosa
Pinch Runner at 1st Micheal Garren:
Batting: RHB Turner Coleman 0-0: Called Strike
0-1: Ball
1-1: Called Strike
1-2: Grounds into double play, 4-6-3 (Groundball, 4M)
Bottom of the 9th over - 1 run(s), 1 hit(s), 0 error(s), 0 left on base; Augusta 6 - Gryfindor 2
Friday, December 30th, 2016 - OOTP Baseball 17.12 Build 75